Map: Lockdown LE

Players

스승구해요 - Winner!

  • Race: Terran Terran
  • League: Master

인공지능 칸 (정예)

  • Race: Zerg Zerg

VOD

Have the link to the VOD?

Description

Time

  • Played on: Sept. 22, 2026, 10:26 p.m.
  • Length: 13:30
Show
View Real Time Build Order
Export as new Build Order

스승구해요 Terran - Winner!

Build Orders: Reaper Expand, Hellion Banshee 

Get SALT Encoding   

  12  0:01  SCV  
  13  0:14  SCV  
  14  0:17  Supply Depot  
  14  0:26  SCV  
  15  0:38  SCV  
  15  0:40  Barracks  
  16  0:44  Refinery  
  16  0:51  SCV  
  17  1:03  SCV  
  18  1:15  SCV  
  19  1:26  Reaper  
  19  1:28  Orbital Command  
  20  1:38  Command Center  
  20  1:48  Supply Depot  
  20  1:53  SCV  
  21  1:59  Marine  
  22  2:05  SCV  
  23  2:12  Factory  
  23  2:18  SCV  
  23  2:21  Barracks Reactor  
  24  2:30  SCV  
  24  2:36  Command Center  
  25  2:42  SCV  
  26  2:50  Orbital Command  
  26  2:54  SCV  
  27  3:00  Refinery, Starport  
  27  3:08  SCV  
  30  3:13  Hellion x2  
  30  3:15  Barracks Tech Lab  
  30  3:18  SCV  
  33  3:22  SCV  
  34  3:30  SCV  
  34  3:34  SCV  
  36  3:36  Hellion x2  
  40  3:42  SCV  
  40  3:45  Banshee  
  40  3:46  SCV  
  40  3:47  Orbital Command  
  45  3:53  Cloaking Field  
  45  3:54  SCV  
  46  3:59  Hellion x2  
  46  4:00  SCV  
  46  4:02  Barracks Tech Lab  
  51  4:07  SCV  
  52  4:11  Supply Depot  
  52  4:12  SCV  
  52  4:13  SCV  
  54  4:19  SCV  
  54  4:21  Orbital Command  
  55  4:25  SCV x2  
  55  4:28  Barracks  
  55  4:30  Banshee  
  60  4:31  Factory Reactor  
  60  4:33  SCV  
  60  4:34  Barracks  
  61  4:39  SCV  
  61  4:43  Engineering Bay  
  62  4:47  SCV x2, Refinery x2, Engineering Bay  
  62  4:49  Marine  
  62  4:51  Stimpack  
  62  4:52  SCV  
  66  5:02  SCV  
  66  5:03  SCV  
  66  5:04  SCV  
  69  5:11  Terran Infantry Weapons Level 1  
  69  5:15  Orbital Command  
  69  5:21  Terran Infantry Armor Level 1  
  69  5:25  Starport Reactor  
  69  5:26  Barracks  
  69  5:28  Barracks  
  69  5:40  Supply Depot  
  69  5:42  Supply Depot  
  69  6:01  Marine x3  
  69  6:02  SCV x2, Siege Tank  
  69  6:03  Marine x2  
  69  6:04  SCV  
  80  6:08  Medivac x2  
  84  6:19  Barracks Reactor, Supply Depot x2, Marine  
  85  6:26  Marine x4, SCV  
  85  6:27  SCV x2  
  85  6:29  Bunker  
  85  6:31  Combat Shield  
  85  6:32  Barracks Reactor  
  92  6:37  Marine  
  93  6:41  SCV x2, Siege Tank, Medivac  
  93  6:42  Medivac  
  93  6:43  Supply Depot  
  93  6:45  Marine x4  
  107  6:49  Armory  
  107  6:51  SCV  
  107  6:52  Refinery  
  107  6:53  Refinery, SCV x2, Supply Depot  
  109  6:57  Factory  
  109  7:04  Marine x7  
  109  7:06  Supply Depot  
  109  7:08  SCV  
  117  7:14  Marine x2  
  120  7:15  SCV x2  
  120  7:19  Command Center  
  120  7:22  Marine x3  
  121  7:23  Marine  
  121  7:27  Marine x2, Siege Tank  
  130  7:36  Marine x3  
  133  7:38  Supply Depot  
  133  7:42  Factory Tech Lab  
  133  7:52  Supply Depot  
  133  7:55  Terran Infantry Weapons Level 2, Terran Infantry Armor Level 2  
  133  7:56  Terran Vehicle Weapons Level 1  
  133  7:59  Marine x7, SCV  
  133  8:00  Supply Depot, Marine x2  
  133  8:01  SCV, Siege Tank  
  147  8:13  Medivac, SCV  
  147  8:14  Medivac, Siege Tank  
  147  8:17  Marine x7  
  147  8:18  Marine  
  155  8:20  Marine  
  155  8:26  SCV  
  151  8:33  SCV  
  152  8:35  Marine  
  152  8:40  Marine x7  
  163  8:41  Siege Tank  
  163  8:43  Medivac  
  163  8:46  Marine  
  165  8:53  Marine  
  166  8:55  Barracks  
  166  8:56  Siege Tank, Barracks x2  
  166  8:57  SCV, Marine  
  166  9:00  SCV  
  172  9:05  SCV  
  173  9:13  Marine x2  
  173  9:14  Marine, Siege Tank  
  173  9:15  SCV  
  173  9:16  SCV  
  175  9:18  SCV, Planetary Fortress  
  175  9:20  Marine x2  
  175  9:21  Supply Depot, Medivac x2  
  178  9:27  SCV  
  175  9:33  SCV  
  175  9:35  Marine x3  
  178  9:39  Marine x3  
  178  9:43  Supply Depot  
  181  9:48  Command Center  
  181  9:49  Marine x2  
  181  9:51  Barracks Tech Lab x3, Medivac  
  181  9:52  Command Center x2  
  185  9:55  Marine, Refinery  
  185  9:56  SCV  
  185  9:57  SCV, Refinery  
  190  10:03  Marine x2  
  190  10:05  Siege Tank x2  
  197  10:07  Marine x2  
  200  10:16  Marine x2  
  200  10:19  Terran Infantry Armor Level 3, Terran Infantry Weapons Level 3  
  200  10:28  Terran Vehicle Weapons Level 2  
  198  10:42  Marine x2  
  200  11:02  Ghost Academy, Starport  
  200  11:03  Fusion Core  
  200  11:07  Marine x2  
  199  11:17  Factory  
  196  11:24  SCV  
  197  11:37  Orbital Command  
  197  11:38  Orbital Command  
  197  11:40  Orbital Command  
  197  11:49  Concussive Shells  
  197  11:53  Factory x2  
  197  11:55  Orbital Command  
  197  12:03  Siege Tank  
  200  12:21  Command Center  
  200  12:22  Factory Reactor  
  200  12:38  Marine  
  200  12:41  Command Center, Refinery  
  196  12:44  Marine x2, Refinery  
  196  12:45  Marauder  
  200  12:56  SCV  
  200  12:58  Marine  
  194  13:09  Marine  
Show
View Real Time Build Order
Export as new Build Order

인공지능 칸 (정예) Zerg 

Build Orders: Pool First 

Get SALT Encoding   

  12  0:00  Drone  
  13  0:12  Overlord  
  13  0:16  Drone  
  14  0:30  Drone x2  
  16  0:43  Spawning Pool  
  16  0:45  Drone  
  16  0:49  Drone  
  17  1:11  Hatchery  
  17  1:12  Drone  
  17  1:15  Extractor  
  17  1:18  Drone  
  17  1:21  Drone  
  18  1:28  Drone  
  19  1:38  Overlord  
  19  1:49  Drone  
  19  1:50  Queen  
  22  2:00  Zergling x2  
  23  2:10  Drone  
  23  2:21  Drone  
  24  2:23  Drone  
  24  2:26  Queen  
  27  2:32  Zergling x2  
  27  2:38  Roach Warren  
  27  2:40  Drone  
  27  2:43  Extractor  
  26  2:46  Drone  
  27  2:52  Overlord  
  27  2:56  Drone  
  28  2:59  Drone  
  28  3:02  Drone  
  30  3:05  Drone  
  30  3:08  Drone  
  30  3:12  Zergling x2  
  33  3:15  Zergling x2  
  33  3:19  Roach  
  36  3:24  Roach  
  38  3:28  Roach  
  38  3:32  Roach  
  42  3:34  Drone  
  43  3:41  Overlord  
  43  3:49  Lair  
  43  4:00  Drone x4  
  47  4:03  Overlord  
  47  4:06  Drone  
  47  4:08  Drone  
  49  4:11  Drone  
  49  4:13  Drone  
  51  4:21  Drone x2  
  51  4:22  Zergling x4  
  51  4:24  Zergling x2  
  56  4:31  Overlord  
  56  4:35  Roach  
  56  4:37  Roach  
  60  4:40  Overlord  
  60  4:50  Drone x2  
  60  4:51  Hydralisk Den  
  61  4:53  Drone  
  62  5:07  Overlord  
  62  5:10  Evolution Chamber  
  62  5:11  Drone  
  62  5:15  Evolution Chamber, Drone  
  62  5:17  Drone  
  62  5:19  Drone  
  62  5:20  Hydralisk  
  62  5:21  Hydralisk x2, Roach  
  66  5:23  Hydralisk, Drone  
  66  5:26  Lurker Den, Drone  
  75  5:33  Overlord  
  75  5:36  Drone, Infestation Pit  
  75  5:38  Drone  
  75  5:39  Drone  
  75  5:41  Drone  
  79  5:42  Drone  
  79  5:44  Drone  
  79  5:47  Roach  
  82  5:51  Roach  
  82  5:52  Overlord  
  82  5:56  Roach  
  86  6:02  Metabolic Boost  
  86  6:04  Extractor  
  86  6:07  Extractor  
  86  6:08  Drone  
  86  6:11  Hatchery  
  84  6:12  Drone  
  84  6:14  Infestor  
  87  6:25  Evolution Chamber  
  87  6:27  Drone x3, Overlord  
  87  6:29  Drone x3  
  92  6:37  Infestor  
  94  6:40  Zerg Melee Weapons Level 1  
  93  6:55  Zerg Missile Weapons Level 1  
  93  6:57  Overseer  
  93  7:02  Spine Crawler  
  93  7:05  Spine Crawler, Drone  
  92  7:08  Zerg Ground Armor Level 1  
  92  7:15  Ravager  
  92  7:18  Roach  
  95  7:23  Queen  
  95  7:24  Drone x4, Ravager, Overlord  
  95  7:25  Drone x4  
  95  7:26  Drone x3  
  95  7:27  Drone  
  110  7:31  Extractor  
  110  7:33  Drone, Extractor  
  110  7:35  Drone  
  110  7:38  Drone  
  110  7:42  Drone  
  110  7:43  Drone, Roach, Overlord  
  115  7:46  Roach  
  115  7:47  Infestor, Drone x2  
  121  8:01  Infestor  
  121  8:02  Drone x2, Spore Crawler, Roach  
  121  8:05  Overlord  
  126  8:07  Baneling Nest  
  126  8:08  Drone  
  126  8:11  Spore Crawler, Drone  
  123  8:14  Zergling x2  
  123  8:15  Zergling x4  
  123  8:16  Zergling x2  
  123  8:18  Drone, Zergling x2  
  123  8:19  Zergling x2  
  107  8:20  Drone  
  107  8:23  Roach  
  92  8:27  Roach  
  92  8:28  Ravager  
  92  8:31  Roach  
  92  8:33  Roach  
  80  8:41  Roach  
  80  8:43  Hydralisk  
  80  8:46  Hydralisk  
  80  8:47  Drone  
  80  8:48  Ravager, Drone  
  87  8:51  Roach  
  87  8:53  Roach  
  87  8:55  Drone x2  
  90  8:57  Roach  
  92  9:04  Drone  
  92  9:06  Baneling  
  92  9:07  Drone  
  92  9:08  Overseer  
  93  9:15  Zergling x2  
  86  9:18  Drone, Zergling x2  
  86  9:19  Roach  
  86  9:22  Drone, Zergling x4  
  80  9:26  Drone  
  80  9:29  Drone  
  79  9:35  Baneling  
  79  9:36  Baneling  
  79  9:37  Roach  
  79  9:38  Ravager, Baneling  
  82  9:39  Baneling, Roach  
  82  9:42  Baneling  
  84  9:47  Hatchery, Baneling  
  84  9:48  Zergling x2  
  84  9:49  Baneling x2, Infestor, Zergling x4  
  84  9:51  Zergling x2  
  89  9:53  Drone  
  89  9:54  Zergling x2, Drone, Extractor  
  91  10:00  Roach  
  91  10:01  Drone  
  94  10:10  Drone  
  94  10:11  Hatchery  
  94  10:12  Drone  
  95  10:14  Baneling  
  95  10:20  Infestor  
  97  10:22  Drone, Roach  
  97  10:23  Drone  
  97  10:24  Drone  
  97  10:26  Drone  
  97  10:28  Drone  
  103  10:30  Roach  
  103  10:32  Hatchery  
  103  10:33  Drone  
  103  10:35  Roach  
  91  10:47  Hydralisk  
  93  10:51  Hydralisk  
  93  10:55  Roach, Hatchery  
  96  10:57  Roach  
  96  11:00  Roach  
  96  11:03  Zergling x2  
  98  11:05  Zergling x2  
  98  11:09  Roach  
  90  11:13  Roach  
  90  11:17  Roach  
  94  11:22  Roach  
  96  11:27  Roach  
  96  11:29  Zergling x2  
  99  11:33  Zergling x2  
  99  11:36  Zergling x2  
  99  11:38  Zergling x2  
  102  11:41  Zergling x2  
  102  11:45  Zergling x2  
  104  11:48  Zergling x2  
  104  11:52  Zergling x2  
  104  11:53  Baneling  
  106  11:55  Zergling x2  
  106  11:58  Baneling  
  106  11:59  Baneling  
  107  12:02  Zergling x2  
  107  12:03  Baneling  
  107  12:05  Baneling  
  107  12:08  Zergling x2  
  109  12:10  Baneling x2  
  109  12:14  Zergling x2  
  110  12:16  Baneling  
  110  12:17  Baneling  
  110  12:19  Zergling x2  
  111  12:27  Hydralisk  
  111  12:28  Baneling  
  111  12:29  Baneling  
  113  12:30  Zergling x2  
  113  12:34  Zergling x2, Baneling  
  113  12:35  Baneling  
  113  12:37  Zergling x2  
  109  12:42  Roach  
  75  12:55  Roach x2  
  66  13:04  Ravager  
Tags
 
Add a new tag
Caveats
  • Supply blocks, unpowered buildings, or Contaminate may cause inaccurate times.
  • Supply counts are checked every 10 seconds.